 Dungeon Crawl Stone Soup version 0.31-a0-1104-g3bd3108e02 (webtiles) character file.

Game seed: 17995777267007863070

771102 Farnir the Minotaur Barricade (level 27, -29/273 HPs)
             Began as a Minotaur Fighter on Nov 30, 2023.
             Was the Champion of Okawaru.
             Killed from afar by a Brimstone Fiend (38 damage)
             ... with damnation
             ... on level 2 of Gehenna on Dec 2, 2023.
             The game lasted 02:20:16 (69148 turns).

Farnir the Minotaur Barricade (Minotaur Fighter)   Turns: 69148, Time: 02:20:16

Health: -29/273    AC: 38    Str: 36    XL:     27
Magic:  41/41      EV: 24    Int:  8    God:    Okawaru [******]
Gold:   5601       SH: 23    Dex: 15    Spells: 47/56 levels left

rFire   + + +        D - +9 broad axe (heavy)
rCold   . . .        m - +5 Storm Queen's Shield {shock, Fly rElec}
rNeg    + + +        y - +6 chain mail of the Four Planets {rF+}
rPois   +            W - +2 hat {Will+}
rElec   +            Y - +2 cloak of Buwinoij {Rampage Dex+4}
rCorr   +            E - +2 pair of gloves "Ysilos" {Slay+3}
SInv    +            e - +0 pair of boots of Mumblety Peg {rF+ Str+2 Int+3}
Will    ++++.        V - macabre finger necklace {Finger+ rN+} Stlth
                     t - ring of Voneamme {rPois Will+ rCorr}
HPRegen 0.65/turn    Z - ring "Wiwaq" {rF+ rN+}
MPRegen 0.27/turn    K - ring of Poaxisch {rN++ SInv}

%: rampage
@: flying, studying 4 skills, unable to read
A: horns 2, retaliatory headbutt, iridescent scales 1, mutation resistance 1,
subdued magic 1
}: 5/15 runes: barnacled, slimy, silver, abyssal, gossamer
a: Renounce Religion, Heroism, Finesse, Duel, Receive Weapon


You were on level 2 of Gehenna.
You worshipped Okawaru.
Okawaru was exalted by your worship.
You visited 14 branches of the dungeon, and saw 59 of its levels.
You visited the Abyss 1 time.
You visited 1 bazaar.
You visited 1 ziggurat, and saw 15 of its levels.
You also visited: Gauntlet, Ice Cave and Wizlab.

You collected 8626 gold pieces.
You spent 3025 gold pieces at shops.

Inventory:

Hand Weapons
 D - a +9 heavy broad axe (weapon)
 Q - a +1 broad axe of holy wrath
Missiles
 M - 7 throwing nets
Armour
 e - the +0 pair of boots of Mumblety Peg (worn) {rF+ Str+2 Int+3}
   (Okawaru gifted it to you on level 12 of the Dungeon)

   Str+2:     It affects your strength (+2).
   Int+3:     It affects your intelligence (+3).
   rF+:       It protects you from fire.
 m - the +5 Storm Queen's Shield (worn) {shock, Fly rElec}
   (You found it on level 15 of a ziggurat)

   Shock:     When it blocks an attack, it may electrocute the attacker.
   This works even against foes who are a short distance away.
   rElec:     It insulates you from electricity.
   Fly:       It grants you flight.
 y - the +6 chain mail of the Four Planets (worn) {rF+}
   (You found it in an ice cave)

   rF+:       It protects you from fire.
 E - the +2 pair of gloves "Ysilos" (worn) {Slay+3}
   (You found it on level 1 of the Vaults)

   Slay+3:    It affects your accuracy & damage with ranged weapons and melee
   (+3).
 I - a +3 buckler of cold resistance
 N - a +5 kite shield of protection
 W - a +2 hat of willpower (worn)
 X - the +7 chain mail "Ixuwamy" {rC+ Str+2 Slay+3}
   (You found it in a wizard's laboratory)

   Str+2:     It affects your strength (+2).
   Slay+3:    It affects your accuracy & damage with ranged weapons and melee
   (+3).
   rC+:       It protects you from cold.
 Y - the +2 cloak of Buwinoij (worn) {Rampage Dex+4}
   (You found it on level 1 of the Elven Halls)

   Dex+4:     It affects your dexterity (+4).
   Rampage:   It bestows one free step when moving towards enemies.
Jewellery
 g - an amulet of reflection
 j - the brooch of Shielding {Spirit SH+8}
   (You found it on level 5 of the Pits of Slime)

   [amulet of guardian spirit]

   Spirit:    It causes incoming damage to be divided between your reserves of
   health and magic.
   SH+8:      It affects your SH (+8).
 o - a ring of protection from fire
 s - an amulet of regeneration
 t - the ring of Voneamme (left hand) {rPois Will+ rCorr}
   (You found it on level 5 of the Pits of Slime)

   [ring of willpower]

   rPois:     It protects you from poison Will+: It increases your willpower.
   rCorr:     It protects you from acid and corrosion.
 w - a +4 ring of slaying
 B - a +4 ring of protection
 K - the ring of Poaxisch (on amulet) {rN++ SInv}
   (You found it in a Gauntlet)

   [ring of see invisible]

   rN++:      It greatly protects you from negative energy.
   SInv:      It lets you see invisible.
 V - the macabre finger necklace (around neck) {Finger+ rN+}
   (You found it on level 2 of the Shoals)

   [amulet of nothing]

   Finger+:   It enables you to equip an extra ring.
   rN+:       It protects you from negative energy.
 Z - the ring "Wiwaq" (right hand) {rF+ rN+}
   (You found it on level 3 of the Crypt)

   [ring of positive energy]

   rF+:       It protects you from fire.
   rN+:       It protects you from negative energy.
Wands
 a - a wand of paralysis (38)
 c - a wand of digging (5)
 q - a wand of acid (56)
 A - a wand of roots (6)
Scrolls
 k - a scroll of brand weapon
 p - 22 scrolls of teleportation
 u - 17 scrolls of fog
 v - a scroll of enchant weapon
 z - 3 scrolls of fear
 C - 5 scrolls of silence
 J - 9 scrolls of immolation
 P - a scroll of enchant armour
 U - 3 scrolls of revelation
Potions
 d - 2 potions of might
 f - 31 potions of curing
 i - 2 potions of invisibility
 l - 7 potions of attraction
 n - 6 potions of heal wounds
 r - 10 potions of ambrosia
 x - 7 potions of mutation
 F - 9 potions of enlightenment
 G - 4 potions of magic
 R - 5 potions of resistance
 T - 2 potions of cancellation
Miscellaneous
 b - a condenser vane


   Skills:
 O Level 27 Fighting
 O Level 27 Axes
 O Level 27 Armour
 O Level 27 Dodging
 O Level 27 Shields
 + Level 15.2 Spellcasting
 + Level 7.2 Earth Magic
 - Level 8.0 Invocations


You had 47 spell levels left.
You knew the following spells:

 Your Spells              Type           Power      Damage    Failure   Level
a - Shatter               Erth           6%         3d9*      100%        9

Your spell library contained the following spells:

 Spells                   Type           Power      Damage    Failure   Level
 Passwall                 Tmut/Erth      7%         N/A       4%          2
 Apportation              Tloc           8%         N/A       13%         1
 Foxfire                  Conj/Fire      16%        2x1d4     13%         1
 Freeze                   Ice            16%        1d4       13%         1
 Kiss of Death            Conj/Necr      16%        2d6       13%         1
 Magic Dart               Conj           16%        1d3       13%         1
 Necrotise                Necr           16%        1d4       13%         1
 Slow                     Hex            16%        N/A       13%         1
 Sting                    Tmut/Pois      16%        1d3       13%         1
 Lee's Rapid Deconstruct  Erth           6%         3d6*      19%         5
 Blink                    Tloc           8%         N/A       21%         2
 Cigotuvi's Dreadful Rot  Necr/Pois/Air  8%         N/A       21%         2
 Ensorcelled Hibernation  Hex/Ice        8%         N/A       21%         2
 Jinxbite                 Hex            8%         N/A       21%         2
 Lesser Beckoning         Tloc           8%         N/A       21%         2
 Momentum Strike          Conj/Tloc      8%         3d8       21%         2
 Poisonous Vapours        Pois/Air       8%         N/A       21%         2
 Sublimation of Blood     Necr           4%         N/A       21%         2
 Wereblood                Tmut           4%         N/A       21%         2
 Leda's Liquefaction      Hex/Erth       4%         N/A       30%         4
 Petrify                  Tmut/Erth      9%         N/A       30%         4
 Confusing Touch          Hex            4%         N/A       38%         3
 Dazzling Flash           Conj/Hex       8%         N/A       38%         3
 Frozen Ramparts          Ice            8%         1d2       38%         3
 Gell's Gravitas          Tloc           4%         N/A       38%         3
 Hailstorm                Conj/Ice       4%         3d4       38%         3
 Ignite Poison            Fire/Tmut/Pois 4%         N/A       38%         3
 Mephitic Cloud           Conj/Pois/Air  4%         N/A       38%         3
 Ozocubu's Armour         Ice            4%         N/A       38%         3
 Sigil of Binding         Hex            4%         N/A       38%         3
 Swiftness                Air            4%         N/A       38%         3
 Teleport Other           Tloc           4%         N/A       38%         3
 Vampiric Draining        Necr           4%         2d6       38%         3
 Volatile Blastmotes      Fire/Tloc      8%         2d10      38%         3
 Borgnjor's Vile Clutch   Necr/Erth      4%         N/A       63%         5
 Anguish                  Hex/Necr       2%         N/A       80%         4
 Cause Fear               Hex            2%         N/A       80%         4
 Dimensional Bullseye     Hex/Tloc       2%         N/A       80%         4
 Dispel Undead            Necr           4%         3d7       80%         4
 Flame Wave               Conj/Fire      4%         2d5       80%         4
 Fulminant Prism          Conj/Hex       2%         3d5       80%         4
 Iskenderun's Mystic Bla  Conj/Tloc      4%         2d3       80%         4
 Manifold Assault         Tloc           4%         N/A       80%         4
 Olgreb's Toxic Radiance  Pois           4%         N/A       80%         4
 Passage of Golubria      Tloc           4%         N/A       80%         4
 Sticky Flame             Conj/Fire      4%         2d3       80%         4
 Vhi's Electric Charge    Tloc/Air       8%         N/A       80%         4
 Agony                    Necr           4%         N/A       99%         5
 Alistair's Intoxication  Tmut/Pois      2%         N/A       99%         5
 Arcjolt                  Conj/Air       2%         1d12      99%         5
 Fireball                 Conj/Fire      2%         3d4       99%         5
 Freezing Cloud           Conj/Ice/Air   2%         6-21      99%         5
 Irradiate                Conj/Tmut      2%         3d12      99%         5
 Iskenderun's Battlesphe  Conj           4%         2d6       99%         5
 Metabolic Englaciation   Hex/Ice        2%         N/A       99%         5
 Silence                  Hex/Air        2%         N/A       99%         5
 Yara's Violent Unravell  Hex/Tmut       2%         3d3       99%         5
 Bombard                  Conj/Erth      4%         9d2       99%         6
 Dispersal                Tloc           2%         N/A       100%        6
 Eringya's Noxious Bog    Tmut/Pois      2%         4d6       100%        6
 Plasma Beam              Fire/Air       2%         2x1d12    100%        6
 Starburst                Conj/Fire      2%         6d3       100%        6
 Enfeeble                 Hex            2%         N/A       100%        7
 Orb of Destruction       Conj           2%         9d5       100%        7
 Ozocubu's Refrigeration  Ice            2%         4d7       100%        7
 Borgnjor's Revivificati  Necr           2%         N/A       100%        8
 Discord                  Hex            2%         N/A       100%        8
 Disjunction              Tloc           2%         N/A       100%        8
 Ignition                 Fire           2%         3d3       100%        8
 Maxwell's Capacitive Co  Air            2%         ∞         100%        8
 Death's Door             Necr           2%         N/A       100%        9
 Summon Small Mammal      Summ           Unusable   N/A       N/A         1
 Animate Armour           Summ/Erth      Unusable   N/A       N/A         4
 Summon Guardian Golem    Hex/Summ       Unusable   N/A       N/A         3
 Tukima's Dance           Hex            Unusable   N/A       N/A         3
 Animate Dead             Necr           Unusable   N/A       N/A         4
 Summon Lightning Spire   Summ/Air       Unusable   N/A       N/A         4
 Simulacrum               Ice/Necr       Unusable   N/A       N/A         6
 Haunt                    Necr/Summ      Unusable   N/A       N/A         7
 Spellforged Servitor     Conj/Summ      Unusable   N/A       N/A         7
 Dragon's Call            Summ           Unusable   N/A       N/A         9

Dungeon Overview and Level Annotations

Branches:
Dungeon (15/15)            Temple (1/1) D:6            Lair (5/5) D:11
 Shoals (4/4) Lair:3       Spider (4/4) Lair:3        Slime (5/5) Lair:4
    Orc (2/2) D:12            Elf (3/3) Orc:2        Vaults (5/5) D:14
  Crypt (3/3) Vaults:2       Tomb (0/3) Crypt:3      Depths (4/4) D:15
   Hell (visited)             Dis (0/7) Hell            Geh (2/7) Hell
    Coc (0/7) Hell            Tar (0/7) Hell            Zot (5/5) Depths:4
  IceCv (visited)          WizLab (visited)         Gauntlet (visited)

Altars:
Ashenzari
Cheibriados
Dithmenos
Elyvilon
Fedhas
Gozag
Hepliaklqana
Kikubaaqudgha
Makhleb
Nemelex Xobeh
Okawaru
Qazlal
Ru
Sif Muna
Trog
Uskayaw
Vehumet
Wu Jian
Xom
Yredelemnul
Zin
The Shining One
Jiyva

Shops:
D:5 :   D:8 =   D:10 [   D:11 (   Orc:1 *   Orc:2 (**(   Shoals:3 ?
Vaults:1 ?   Vaults:2 ?   Depths:1 *:(   Depths:4 =

Portals:
Hell: Depths:1 Depths:2 Depths:3 Depths:4
Abyss: Lair:5 Depths:1 Depths:2 Depths:3 Depths:4
Pandemonium: Depths:2
Trove: D:14 (give 9 potions of haste)


Innate Abilities, Weirdness & Mutations

You have a pair of horns on your head.
You reflexively headbutt those who attack you in melee.
You are partially covered in iridescent scales. (AC +2)
You are somewhat resistant to further mutation.
Your spells are a little easier to cast, but a little less powerful.


Message History

Unknown command.
The Brimstone Fiend gestures at you.
The sphere of damnation explodes!
The damnation engulfs you!!! The Brimstone Fiend gestures at you.
The sphere of damnation explodes!
The damnation engulfs you!!
* * * LOW HITPOINT WARNING * * *
You hear an angry squeal.
There is an open door here.
Unknown command.
The Brimstone Fiend gestures at you.
The sphere of damnation explodes!
The damnation engulfs you!!
* * * LOW HITPOINT WARNING * * *
Unknown command.
You block the Brimstone Fiend's attack. The Brimstone Fiend closely misses you.
You block the Brimstone Fiend's attack.
There is an open door here.
You are too injured to fight recklessly!
Unknown command.
You are too injured to fight recklessly!
You are too injured to fight recklessly!
The Brimstone Fiend calls on the powers of darkness!
Your body is wracked with pain!
* * * LOW HITPOINT WARNING * * *
Unknown command.
You rampage towards the creeping inferno!
You slash the creeping inferno!
A raging storm of fire appears!
You completely miss the Brimstone Fiend.
You closely miss the Brimstone Fiend.
The creeping inferno explodes!
The great blast of fire engulfs the Brimstone Fiend!
The Brimstone Fiend partially resists.
The great blast of fire engulfs you! You partially resist.
* * * LOW HITPOINT WARNING * * *
The great blast of fire engulfs the Brimstone Fiend!
The Brimstone Fiend partially resists.
A fire vortex comes into view.
You hear an angry squeal.
You hear a roar!
You hear an angry squeal. x4
The Brimstone Fiend gestures at you.
The sphere of damnation explodes!
The damnation engulfs you!!!
You die...

≈§≈§§≈≈≈....≈≈≈≈≈
§≈≈≈##§§.....§#≈≈
§§≈≈##§.§....#§≈≈
≈≈≈≈≈≈≈...≈≈..≈§§
..≈≈≈≈..≈≈≈≈..§§≈
.....○☼§§≈≈≈*..§§
....§§§☼§≈≈§≈..§.
§≈..§§1§#####≈§..
≈§..≈##@#...#≈≈§≈
#≈... #○1v..# ≈≈≈
#≈§§§...#...#
≈§≈§§..≈##'##
≈≈≈§§≈§§§ ..≈
≈≈§§≈≈§§§ §≈≈≈
################
################
################


You could see 2 Brimstone Fiends and a fire vortex.

Vanquished Creatures
  the Royal Jelly (Slime:5)
  Khufu (Crypt:3)
  4 dread liches
  11 orbs of fire
  6 ancient liches
  A pandemonium lord (Zig:3)
  A royal mummy (WizLab)
  Vv (Depths:4)
  Parghit (Zot:2)
  3 Killer Klowns (Zot:5)
  Bai Suzhen (Vaults:4)
  A shard shrike (Zig:7)
  Boris (5 times) (Vaults:3 Vaults:4 Vaults:5 Crypt:2 Depths:1)
  2 curse toes
  Saint Roka (Depths:3)
  7 caustic shrikes
  9 golden dragons
  Geryon (Hell)
  Nikola (Elf:1)
  Norris (Depths:3)
  Arachne (Spider:2)
  Jory (Vaults:3)
  A profane servitor (Crypt:3)
  A Brimstone Fiend (Geh:2)
  2 electric golems (Zot:5)
  2 hellephants
  A bone dragon (Crypt:3)
  18 tentacled monstrosities
  An Ice Fiend (Zig:7)
  5 liches
  2 walking divine tomes (Depths:3)
  2 deep elf blademasters (Elf:3)
  A searing wretch (Geh:1)
  25 acid blobs
  25 Orb Guardians
  5 quicksilver dragons
  6 sphinxes
  2 deep elf master archers (Elf:3)
  3 krakens
  An Executioner (Zig:9)
  5 titans (Vaults:5)
  Kirke (Lair:5)
  11 death cobs
  19 storm dragons
  A tentacled starspawn (Abyss:3)
  7 ancient champions
  3 shadow dragons
  7 revenants
  Donald (Elf:1)
  Agnes (Elf:1)
  13 draconian monks
  9 tengu reavers
  11 rockslimes
  11 azure jellies
  4 deep elf sorcerers
  A nagaraja (Zig:13)
  19 vault wardens
  10 draconian knights
  9 fire giants
  6 emperor scorpions
  An iron dragon (Depths:4)
  2 deep elf elementalists (Elf:3)
  A quicksilver elemental (Zig:6)
  5 balrugs
  5 orc warlords
  15 frost giants
  Louise (Depths:2)
  6 curse skulls
  A caustic shrike zombie (Hell)
  11 draconian annihilators
  9 draconian scorchers
  5 ghouls
  12 ghost moths
  19 ironbound preservers
  A juggernaut zombie (Crypt:1)
  6 broodmothers
  A caustic shrike skeleton (Crypt:1)
  5 formless jellyfish
  7 draconian shifters
  29 stone giants
  10 quicksilver oozes
  5 reapers
  13 draconian stormcallers
  A cacodemon (Abyss:3)
  A spriggan defender (Depths:2)
  A demonspawn blood saint (Zig:13)
  The ghost of Vaxijaet the Brawler, a journeyman TrSh of Wu Jian (Lair:2)
  11 green draconians
  18 very ugly things
  4 war gargoyles
  Nessos (D:13)
  8 deep elf demonologists
  9 red draconians
  7 ironbound thunderhulks
  10 vampire knights
  21 dire elephants
  13 black draconians
  The ghost of Kiciri the Martial Artist, a journeyman GnMo of Sif Muna (Lair:5)
  9 deep elf annihilators
  A lorocyproca (Hell)
  13 white draconians
  12 yellow draconians
  10 spark wasps
  A spark wasp (shapeshifter) (Vaults:5)
  4 minotaurs
  8 eidola
  12 purple draconians
  6 iron golems (Hell)
  A spectral quicksilver dragon (Crypt:3)
  9 deep elf death magi
  Snorg (Orc:1)
  3 merfolk impalers
  4 mummy priests
  12 ettins
  3 merfolk javelineers
  2 green deaths
  8 great orbs of eyes
  7 fire dragons
  2 blizzard demons
  A quicksilver dragon zombie (WizLab)
  An entropy weaver (shapeshifter) (D:10)
  19 jiangshi
  13 yaktaur captains
  Harold (Orc:1)
  Josephine (Orc:2)
  9 ice dragons
  7 entropy weavers
  5 hydras
  Fannar (Lair:2)
  2 jorogumos (Spider:4)
  36 vault guards
  Erolcha (D:13)
  5 deep elf high priests
  4 rakshasas
  4 salamander tyrants
  2 hell beasts
  4 ogre magi
  6 spriggan air magi
  5 radroaches
  13 centaur warriors
  6 ironbound frosthearts
  A stoker (Geh:2)
  A peacekeeper (Vaults:4)
  6 death knights
  5 merfolk aquamancers
  5 merfolk avatars
  2 alligator snapping turtles
  A catoblepas (D:10)
  10 boulder beetles
  14 two-headed ogres
  14 satyrs
  16 hell hogs
  7 orc high priests
  8 tengu warriors
  25 dancing weapons
  4 deep troll shamans
  3 deep troll earth magi
  6 vampire magi
  3 spriggan berserkers
  8 demonic crawlers
  2 occultists
  A thrashing horror (Lair:5)
  8 soul eaters
  36 hell knights
  Sonja (D:13)
  20 sun demons
  3 spectral death yaks (Lair:5)
  21 deep elf knights
  2 storm dragon zombies
  Nergalle (Lair:2)
  9 pharaoh ants
  8 iron trolls
  5 sixfirhies
  2 sun moths
  6 shadow wraiths
  2 titan skeletons (Vaults:4)
  16 sea snakes
  9 skysharks
  A golden dragon zombie (Hell)
  6 flayed ghosts
  5 glowing orange brains
  A spectral anaconda (Lair:5)
  19 skeletal warriors
  2 spark wasp zombies (Hell)
  2 orange crystal statues (Abyss:3)
  15 orb spiders
  2 bog bodies (IceCv)
  65 deep trolls
  11 lindwurms
  A ghost moth zombie (Crypt:1)
  7 arcanists
  15 ironbound convokers
  2 obsidian statues
  17 orc knights
  34 deep elf pyromancers
  19 deep elf archers
  A tengu zombie (WizLab)
  3 steelbarb worms
  15 harpies
  A broodmother zombie (Crypt:2)
  2 stone giant zombies
  29 deep elf zephyrmancers
  22 fauns
  9 phantasmal warriors
  4 starcursed masses (Abyss:3)
  A shadow dragon zombie (WizLab)
  4 fire giant zombies
  24 necromancers
  31 wolf spiders
  9 orc sorcerers
  23 ugly things
  15 cyclopes
  2 frost giant zombies (Hell)
  17 elephants
  5 large abominations
  5 shining eyes
  28 manticores
  2 worldbinders
  An eye of devastation (shapeshifter) (Vaults:5)
  35 moths of wrath
  3 rust devils
  A spectral alligator snapping turtle (Crypt:3)
  A guardian serpent (Abyss:3)
  5 black mambas
  A frost giant skeleton (Depths:1)
  8 water nymphs
  6 merfolk sirens
  2 ice statues
  2 naga magi (Zig:13)
  9 cane toads
  5 eyes of devastation
  3 orange demons
  8 smoke demons
  A gargoyle (D:12)
  22 vault sentinels
  A storm dragon simulacrum (Hell)
  2 yaktaur zombies (WizLab)
  5 hellions
  6 rime drakes
  2 torpor snails
  3 unseen horrors
  The ghost of Lymetel the Cudgeller, a novice GrFi (D:4)
  An efreet (D:14)
  13 komodo dragons
  38 yaktaurs
  4 tormentors
  A kobold demonologist (D:12)
  11 ice devils
  10 freezing wraiths
  2 tengu conjurers (Depths:3)
  A hydra zombie (Crypt:1)
  A kobold blastminer (Zig:14)
  2 red devils (D:11)
  28 merfolk
  9 trolls
  8 guardian mummies
  2 anaconda simulacra (IceCv)
  4 meliai (Spider:4)
  5 polar bears
  A hellwing (D:11)
  A harpy skeleton (Crypt:1)
  A shadow dragon simulacrum (Depths:1)
  10 blink frogs
  25 tarantellas
  4 wind drakes
  14 snapping turtles
  A raiju (Spider:4)
  A deep troll zombie (WizLab)
  4 glass eyes
  3 hornets
  113 slime creatures
  3 spriggan zombies
  2 dream sheep (Shoals:4)
  2 elf zombies
  A stone giant simulacrum (Hell)
  18 culicivoras
  2 spriggan skeletons
  18 jumping spiders
  4 air elementals
  15 spriggans
  68 yaks
  10 wraiths
  4 shadows
  3 fire elementals
  56 flying skulls
  3 vampires (Vaults:2)
  3 dire elephant simulacra
  A hog (shapeshifter) (Vaults:4)
  A hog (Lair:5)
  2 wyverns (shapeshifter)
  2 humans (Lair:5)
  15 water elementals
  5 wyverns
  13 golden eyes
  5 neqoxecs (Abyss:3)
  76 redbacks
  A death yak simulacrum (IceCv)
  4 basilisks
  A chaos spawn (D:11)
  A spectral cane toad (Lair:5)
  7 wargs
  A naga (shapeshifter) (Vaults:4)
  A naga (Abyss:3)
  3 glowing shapeshifter zombies
  2 acid dragons
  6 hell hounds
  12 water moccasins
  A hydra simulacrum (IceCv)
  4 ice beasts
  A deep troll skeleton (Crypt:1)
  3 black bears
  30 orc warriors
  3 elephant zombies (Lair:5)
  19 ogres
  14 wolves
  A centaur (shapeshifter) (Depths:1)
  An elephant skeleton (Lair:5)
  A snapping turtle skeleton (Crypt:2)
  10 centaurs
  A blink frog skeleton (Crypt:2)
  A phantom (D:5)
  8 kobold brigands
  3 earth elementals
  17 bullfrogs
  4 necrophages (Crypt:3)
  A gnoll sergeant (D:10)
  8 scorpions
  3 cane toad simulacra
  A glowing shapeshifter simulacrum (Vaults:4)
  11 small abominations
  3 two-headed ogre simulacra (IceCv)
  A water moccasin zombie (Crypt:2)
  14 wights
  2 elephant simulacra
  41 killer bees
  A warg skeleton (Crypt:1)
  A troll skeleton (Crypt:1)
  5 electric eels
  9 howler monkeys
  A wolf skeleton (Crypt:2)
  A crimson imp (Abyss:3)
  A centaur zombie (D:4)
  A bullfrog zombie (D:4)
  6 quasits (D:11)
  A centaur skeleton (D:4)
  Crazy Yiuf (D:7)
  15 orc priests
  A hound (D:5)
  15 jellies
  Jessica (D:3)
  An iguana (shapeshifter) (Vaults:4)
  5 iguanas
  26 orc wizards
  11 hell rats
  6 troll simulacra (IceCv)
  A wolf simulacrum (IceCv)
  2 polar bear simulacra (IceCv)
  8 spriggan simulacra
  An ogre skeleton (Crypt:2)
  A howler monkey zombie (Crypt:1)
  4 adders
  8 gnolls
  3 river rats (Lair:5)
  8 naga simulacra (IceCv)
  A river rat (shapeshifter) (Depths:3)
  4 white imps
  7 ufetubi (IceCv)
  A lava snake skeleton (Crypt:2)
  7 worms
  2 dart slugs
  63 orcs
  6 bats
  13 endoplasms
  5 giant cockroaches
  8 goblins
  6 hobgoblins
  13 jackals
  A quokka (D:5)
  5 ball pythons
  4 frilled lizards
  34 kobolds
  12 rats
  2 creeping infernos
  A fire vortex (Hell)
  A starspawn tentacle (Abyss:3)
  5 tentacles
3006 creatures vanquished.

Vanquished Creatures (others)
  A fire giant (Depths:4)
  2 purple draconians
  A deep elf annihilator (Zig:13)
  2 spriggan zombies (Hell)
  An ogre mage (Zig:13)
  A deep elf knight (Elf:1)
  A harpy (Shoals:4)
  A large abomination (Elf:1)
  2 jumping spiders
  An air elemental (Elf:2)
  3 water elementals (Elf:2)
  2 orcs
  13 ball lightnings (Elf:2)
  A lurking horror (Abyss:3)
  A starspawn tentacle (Abyss:3)
  11 tentacles
44 creatures vanquished.

Grand Total: 3050 creatures vanquished

Notes
Turn   | Place    | Note
-------+----------+-------------------------------------------
     0 | D:1      | Farnir the Minotaur Fighter began the quest for the Orb.
     0 | D:1      | Reached XP level 1. HP: 19/19 MP: 0/0
   209 | D:1      | Reached XP level 2. HP: 21/27 MP: 1/1
   794 | D:2      | Reached skill level 1 in Dodging
   807 | D:2      | Reached XP level 3. HP: 32/33 MP: 2/2
   906 | D:2      | Gained mutation: Your muscles are strong. (Str +4, Int/Dex
                  | -1) [potion of mutation]
   906 | D:2      | Gained mutation: Your mind is acute. (Int +4, Str/Dex -1)
                  | [potion of mutation]
   906 | D:2      | Gained mutation: Your flesh is heat resistant. (rF+)
                  | [potion of mutation]
   922 | D:2      | Reached XP level 4. HP: 39/40 MP: 3/3
  1656 | D:3      | Identified the +1 war axe of Scorn {distort, rPois rCorr
                  | SInv}
  1972 | D:3      | Reached XP level 5. HP: 43/47 MP: 4/4
  2141 | D:3      | Noticed Jessica
  2148 | D:3      | Killed Jessica
  2375 | D:3      | Found a faded altar of an unknown god.
  2633 | D:4      | Found a transporter.
  2738 | D:4      | Found a transporter.
  2740 | D:4      | Noticed Lymetel's ghost (novice GrFi)
  2900 | D:4      | Reached XP level 6. HP: 44/55 MP: 5/5
  3076 | D:4      | Reached skill level 5 in Shields
  3384 | D:4      | Reached skill level 5 in Fighting
  3384 | D:4      | Reached skill level 5 in Armour
  3394 | D:4      | Killed Lymetel's ghost
  3395 | D:4      | Reached XP level 7. HP: 33/61 MP: 6/6
  3571 | D:5      | Entered Level 5 of the Dungeon
  3612 | D:5      | Reached skill level 5 in Axes
  3926 | D:5      | Reached XP level 8. HP: 70/70 MP: 7/7
  4212 | D:5      | Found Julolen's Book Emporium.
  4498 | D:6      | Found a hazy altar of Hepliaklqana.
  4505 | D:6      | Reached skill level 5 in Dodging
  4730 | D:6      | Found a staircase to the Ecumenical Temple.
  4890 | Temple   | Entered the Ecumenical Temple
  4904 | Temple   | Became a worshipper of Warmaster Okawaru
  5017 | D:7      | Identified the +1 robe "Bicruc" {rF- Str+10 Int+3 Slay+3}
  5084 | D:7      | Reached XP level 9. HP: 66/79 MP: 8/8
  5334 | D:7      | Reached * piety under Okawaru
  5599 | D:7      | Found a runed translucent door.
  5600 | D:7      | Noticed Crazy Yiuf
  5686 | D:7      | Killed Crazy Yiuf
  6089 | D:8      | Found Focaggou's Jewellery Boutique.
  6462 | D:9      | Identified the +4 ring mail of Context {Slay+3}
  6487 | D:9      | Reached ** piety under Okawaru
  6838 | D:9      | Reached XP level 10. HP: 88/90 MP: 9/9
  6854 | D:9      | Reached *** piety under Okawaru
  7571 | D:10     | Entered Level 10 of the Dungeon
  7674 | D:10     | Found a white marble altar of Elyvilon.
  7936 | D:10     | Found Uziwn's Armour Emporium.
  7982 | D:10     | Reached **** piety under Okawaru
  8085 | D:10     | Noticed a catoblepas
  8085 | D:10     | Noticed an arcanist
  8085 | D:10     | Noticed an orc knight
  8090 | D:10     | Killed an arcanist
  8094 | D:10     | Killed a catoblepas
  8094 | D:10     | Reached ***** piety under Okawaru
  8095 | D:10     | Reached XP level 11. HP: 98/99 MP: 10/10
  8111 | D:10     | Killed an orc knight
  8112 | D:10     | Reached skill level 10 in Armour
  8157 | D:10     | Noticed a centaur warrior
  8165 | D:10     | Killed a centaur warrior
  8166 | D:10     | Reached skill level 10 in Fighting
  8166 | D:10     | Reached skill level 10 in Shields
  8197 | D:10     | Received a gift from Okawaru
  8209 | D:10     | Noticed a centaur warrior
  8221 | D:10     | Killed a centaur warrior
  8243 | D:10     | Noticed an entropy weaver
  8252 | D:10     | Killed an entropy weaver
  8253 | D:10     | Reached skill level 10 in Axes
  8273 | D:10     | Got the Commentary on Sandy Infection
  8524 | D:11     | Found a staircase to the Lair.
  8603 | D:11     | Received a gift from Okawaru
  8610 | D:11     | Noticed a two-headed ogre
  8616 | D:11     | Killed a two-headed ogre
  8814 | D:11     | Noticed a sun demon
  8820 | D:11     | Killed a sun demon
  8869 | D:11     | Noticed a sixfirhy
  8870 | D:11     | Noticed a sixfirhy
  8875 | D:11     | Killed a sixfirhy
  8876 | D:11     | Reached XP level 12. HP: 90/110 MP: 8/11
  8880 | D:11     | Received a gift from Okawaru
  8912 | D:11     | Identified the +4 ring mail of Indomitability {Dex+4}
  9169 | D:11     | Found Kywuell's Antique Weapon Shop.
  9314 | D:12     | Noticed a boulder beetle
  9329 | D:12     | Killed a boulder beetle
  9330 | D:12     | Reached skill level 10 in Dodging
  9399 | D:12     | Noticed a two-headed ogre
  9412 | D:12     | Killed a two-headed ogre
  9475 | D:12     | Noticed a boulder beetle
  9503 | D:12     | Killed a boulder beetle
  9503 | D:12     | Received a gift from Okawaru
  9577 | D:12     | Noticed a two-headed ogre
  9583 | D:12     | Killed a two-headed ogre
  9638 | D:12     | Found a staircase to the Orcish Mines.
  9761 | D:12     | Reached ****** piety under Okawaru
  9762 | D:12     | Acquired the +0 pair of boots of Mumblety Peg {rF+ Str+2
                  | Int+3}
  9762 | D:12     | Received a gift from Okawaru
  9810 | D:12     | Identified the +1 cloak of the Wary Visions {Dex+3}
  9891 | D:12     | Noticed a boulder beetle
  9909 | D:12     | Killed a boulder beetle
 10119 | D:13     | Noticed a two-headed ogre
 10122 | D:13     | Killed a two-headed ogre
 10122 | D:13     | Received a gift from Okawaru
 10124 | D:13     | Noticed a centaur warrior
 10125 | D:13     | Noticed a boulder beetle
 10136 | D:13     | Killed a centaur warrior
 10138 | D:13     | Killed a boulder beetle
 10224 | D:13     | Noticed Erolcha
 10231 | D:13     | Killed Erolcha
 10337 | D:13     | Found a frozen archway.
 10344 | D:13     | Reached XP level 13. HP: 119/119 MP: 12/12
 10353 | IceCv    | Entered an ice cave
 10470 | IceCv    | Identified the +7 ice dragon scales "Oqeovuiv" {+Blink rF-
                  | rC++ Regen+}
 10816 | IceCv    | Received a gift from Okawaru
 10897 | IceCv    | Identified the +6 chain mail of the Four Planets {rF+}
 11190 | D:13     | Noticed Sonja
 11213 | D:13     | Killed Sonja
 11308 | D:13     | Noticed Nessos
 11327 | D:13     | Killed Nessos
 11488 | D:13     | You fall into a shaft and drop 2 floors!
 11488 | D:15     | Entered Level 15 of the Dungeon
 11517 | D:15     | Received a gift from Okawaru
 12109 | D:15     | Found a staircase to the Depths.
 12110 | D:15     | Noticed a stone giant
 12114 | D:15     | Killed a stone giant
 12257 | D:15     | Received a gift from Okawaru
 12374 | D:15     | Found a gateway to a bazaar.
 12759 | D:14     | Received a gift from Okawaru
 12804 | D:14     | Found a gate to the Vaults.
 12805 | D:14     | Noticed a frost giant
 12813 | D:14     | Killed a frost giant
 12814 | D:14     | Reached XP level 14. HP: 98/130 MP: 13/13
 13237 | D:14     | Found a portal to a secret trove of treasure.
 13994 | Lair:1   | Entered Level 1 of the Lair of Beasts
 14732 | Lair:2   | Received a gift from Okawaru
 14865 | Lair:2   | Found a large runed translucent door.
 14866 | Lair:2   | Found a large runed translucent door.
 14869 | Lair:2   | Noticed Vaxijaet's ghost (journeyman TrSh)
 14948 | Lair:2   | Noticed Fannar
 14952 | Lair:2   | Noticed Nergalle
 14958 | Lair:2   | Killed Fannar
 14963 | Lair:2   | Killed Nergalle
 15624 | Lair:2   | Killed Vaxijaet's ghost
 15731 | Lair:3   | Received a gift from Okawaru
 16062 | Lair:3   | Found a hole to the Spider Nest.
 16118 | Lair:3   | Found a staircase to the Shoals.
 16635 | Lair:4   | Received a gift from Okawaru
 16742 | Lair:4   | Found a staircase to the Slime Pits.
 16747 | Lair:4   | Found a viscous altar of Jiyva.
 16860 | Lair:4   | Reached XP level 15. HP: 139/139 MP: 14/14
 16983 | Lair:4   | Reached skill level 15 in Armour
 17300 | Lair:4   | Reached skill level 15 in Fighting
 17405 | Lair:4   | Reached skill level 15 in Shields
 17562 | Lair:5   | Entered Level 5 of the Lair of Beasts
 17685 | Lair:5   | Received a gift from Okawaru
 17717 | Lair:5   | Found a gate leading to a gauntlet.
 17727 | Gauntlet | Entered a Gauntlet
 17727 | Gauntlet | Found a transporter.
 17727 | Gauntlet | Found a transporter.
 17727 | Gauntlet | Found a transporter.
 17756 | Gauntlet | Found a transporter.
 17759 | Gauntlet | Found a transporter.
 17768 | Gauntlet | Found a transporter.
 17770 | Gauntlet | Found a transporter.
 17778 | Gauntlet | Found a transporter.
 17796 | Gauntlet | Found a transporter.
 17815 | Gauntlet | Found a transporter.
 17816 | Gauntlet | Found a transporter.
 17826 | Gauntlet | Found a transporter.
 17974 | Gauntlet | Identified the ring of Poaxisch {rN++ SInv}
 18003 | Gauntlet | Identified the +10 short sword of Starshine {flame, +Blink}
 18003 | Gauntlet | Identified the +0 ring mail "Hayh" {-Tele rElec rF++
                  | Regen+}
 18018 | Gauntlet | Got the Parchment of Imprecation
 18170 | Lair:5   | Found a transporter.
 18183 | Lair:5   | Found a one-way gate to the infinite horrors of the Abyss.
 18229 | Lair:5   | Reached skill level 15 in Axes
 18366 | Lair:5   | Found a transporter.
 18565 | Lair:5   | Received a gift from Okawaru
 18608 | Lair:5   | Noticed Kirke
 18791 | Lair:5   | Killed Kirke
 19382 | Lair:5   | Noticed Kiciri's ghost (journeyman GnMo)
 19400 | Lair:5   | Received a gift from Okawaru
 19405 | Lair:5   | Killed Kiciri's ghost
 19639 | Orc:1    | Entered Level 1 of the Orcish Mines
 19747 | Orc:1    | Found Woxzot's Mass Market.
 19748 | Orc:1    | Noticed Harold
 19755 | Orc:1    | Killed Harold
 19825 | Orc:1    | You fall into a shaft and drop 1 floor!
 19825 | Orc:2    | Entered Level 2 of the Orcish Mines
 19846 | Orc:2    | Noticed Josephine
 19854 | Orc:2    | Killed Josephine
 20041 | Orc:1    | Noticed Snorg
 20047 | Orc:1    | Killed Snorg
 20048 | Orc:1    | Reached XP level 16. HP: 140/141 MP: 15/15
 20513 | Orc:2    | Found a staircase to the Elven Halls.
 20525 | Orc:2    | Received a gift from Okawaru
 20589 | Orc:2    | Paralysed by an orc sorcerer for 3 turns
 20795 | Orc:2    | Gained mutation: Your magical capacity is low. (-10% MP) [a
                  | neqoxec]
 20804 | Orc:2    | Lost mutation: Your muscles are strong. (Str +4, Int/Dex
                  | -1) [a neqoxec]
 20818 | Orc:2    | Found Palenour's Weapon Shop.
 20818 | Orc:2    | Found Gudu's Weapon Emporium.
 20820 | Orc:2    | Found Toh Zum's General Store.
 20820 | Orc:2    | Found Hinuk's General Store.
 20829 | Orc:2    | Bought a potion of might for 72 gold pieces
 20830 | Orc:2    | Bought a potion of heal wounds for 65 gold pieces
 21044 | Bazaar   | Entered a bazaar
 21044 | Bazaar   | Found Caic's Book Emporium.
 21044 | Bazaar   | Found Osoutos's Distillery.
 21044 | Bazaar   | Found Keff's Assorted Antiques.
 21046 | Bazaar   | Found Titesat's Weapon Shoppe.
 21063 | Bazaar   | Bought a glittering amber ring for 100 gold pieces
 21063 | Bazaar   | Identified the ring "Hoilemm" {Fire Str+2} (You bought it
                  | in a shop in a bazaar)
 21069 | Bazaar   | Bought a potion of mutation for 96 gold pieces
 21069 | Bazaar   | Bought a potion of curing for 36 gold pieces
 21069 | Bazaar   | Bought a potion of curing for 36 gold pieces
 21069 | Bazaar   | Bought a potion of heal wounds for 60 gold pieces
 21069 | Bazaar   | Bought a potion of haste for 120 gold pieces
 21069 | Bazaar   | Bought a potion of might for 48 gold pieces
 21069 | Bazaar   | Bought a potion of resistance for 120 gold pieces
 21069 | Bazaar   | Bought a potion of might for 48 gold pieces
 21069 | Bazaar   | Bought a potion of resistance for 120 gold pieces
 21069 | Bazaar   | Bought a potion of heal wounds for 60 gold pieces
 21077 | Bazaar   | Bought a manual of Shields for 800 gold pieces
 21252 | D:8      | Bought a ring of poison resistance for 240 gold pieces
 21400 | Spider:1 | Entered Level 1 of the Spider Nest
 21554 | Spider:1 | Received a gift from Okawaru
 21984 | Spider:1 | Reached skill level 15 in Dodging
 22059 | Spider:1 | Received a gift from Okawaru
 22865 | Spider:2 | Noticed Arachne
 22874 | Spider:2 | Killed Arachne
 23159 | Spider:2 | Received a gift from Okawaru
 23433 | Spider:3 | Reached XP level 17. HP: 93/166 MP: 12/14
 23570 | Spider:3 | Reached skill level 1 in Invocations
 23762 | Spider:3 | Received a gift from Okawaru
 24291 | Shoals:1 | Entered Level 1 of the Shoals
 24299 | Shoals:1 | Reached skill level 5 in Invocations
 24604 | Shoals:1 | Noticed a kraken
 24611 | Shoals:1 | Killed a kraken
 24747 | Shoals:1 | Received a gift from Okawaru
 25520 | Shoals:2 | Found the macabre finger necklace {Finger+ rN+}
 25722 | Shoals:2 | Noticed a kraken
 25729 | Shoals:2 | Killed a kraken
 25980 | Shoals:2 | Identified the +2 animal skin of the Gate {rElec}
 26461 | Shoals:2 | Noticed a kraken
 26468 | Shoals:2 | Killed a kraken
 26766 | Shoals:3 | Received a gift from Okawaru
 27310 | Shoals:3 | Found Selofise's Magic Scroll Boutique.
 27319 | Shoals:3 | Bought a scroll of acquirement for 832 gold pieces
 27319 | Shoals:3 | Acquired a +1 hat of willpower
 27469 | Shoals:3 | Identified the +9 sling of Friendship {flame, rPois}
 27481 | Shoals:3 | Identified the +1 chain mail of Sif Muna's Whim {Harm rPois
                  | Int-3 Dex-5}
 27958 | Shoals:4 | Entered Level 4 of the Shoals
 28106 | Shoals:4 | Received a gift from Okawaru
 28428 | Shoals:4 | Reached XP level 18. HP: 55/178 MP: 20/20
 29052 | Shoals:4 | Identified the ring "Byutatu" {Will++ EV+5}
 29059 | Shoals:4 | Received a gift from Okawaru
 29672 | Shoals:4 | Got a barnacled rune of Zot
 29771 | Shoals:4 | Identified the amulet "Mecvena" {Acrobat Will+}
 30146 | Spider:4 | Entered Level 4 of the Spider Nest
 30151 | Spider:4 | Received a gift from Okawaru
 30527 | Spider:4 | Received a gift from Okawaru
 31178 | Spider:4 | Got a gossamer rune of Zot
 31575 | Spider:4 | Received a gift from Okawaru
 31860 | Vaults:1 | Entered Level 1 of the Vaults
 32013 | Vaults:1 | Found Sejuuc's Magic Scroll Emporium.
 32018 | Vaults:1 | Bought a scroll of blinking for 82 gold pieces
 32034 | Vaults:1 | Found a magical portal.
 32045 | WizLab   | Entered Doroklohe's Tomb
 32296 | WizLab   | Noticed a royal mummy
 32312 | WizLab   | Killed a royal mummy
 32313 | WizLab   | Reached XP level 19. HP: 149/189 MP: 19/21
 32474 | WizLab   | Identified the +7 chain mail "Ixuwamy" {rC+ Str+2 Slay+3}
 32491 | WizLab   | Identified the +1 leather armour of the Grue {Int+3 SInv}
 33217 | Vaults:1 | Identified the -1 pair of boots of the Armadillo {Harm
                  | Will+}
 33573 | Vaults:1 | Identified the +2 pair of gloves "Ysilos" {Slay+3}
 33918 | Vaults:2 | Received a gift from Okawaru
 34526 | Vaults:2 | Found a staircase to the Crypt.
 34694 | Vaults:2 | Found Ipossyo's Magic Scroll Shop.
 34698 | Vaults:2 | Bought a scroll of enchant armour for 90 gold pieces
 34722 | Vaults:2 | Received a gift from Okawaru
 35446 | Vaults:2 | Received a gift from Okawaru
 35651 | Vaults:3 | Noticed Jory
 35664 | Vaults:3 | Killed Jory
 35665 | Vaults:3 | Reached XP level 20. HP: 117/200 MP: 22/22
 36065 | Vaults:3 | Received a gift from Okawaru
 36508 | Vaults:3 | Noticed Boris
 36516 | Vaults:3 | Killed Boris
 36548 | Vaults:3 | Received a gift from Okawaru
 36869 | Vaults:4 | Found a transporter.
 36872 | Vaults:4 | Noticed a golden dragon
 36882 | Vaults:4 | Found a transporter.
 36900 | Vaults:4 | Noticed Boris
 36910 | Vaults:4 | Killed Boris
 37110 | Vaults:4 | Killed a golden dragon
 37130 | Vaults:4 | Identified the +0 cloak of Ecoud {Fly rF+ Str-5 Int+4}
 37233 | Vaults:4 | Identified the +0 scale mail of Refuge {rF++}
 37405 | Vaults:4 | Identified the +6 mace of Doom {protect, Int+3 Stlth+}
 37550 | Vaults:4 | Received a gift from Okawaru
 38362 | Vaults:5 | Entered Level 5 of the Vaults
 38364 | Vaults:5 | Noticed Bai Suzhen
 38367 | Vaults:4 | Received a gift from Okawaru
 38370 | Vaults:4 | Reached XP level 21. HP: 187/209 MP: 23/23
 38449 | Vaults:5 | Noticed Boris
 38615 | Vaults:4 | Received a gift from Okawaru
 38626 | Vaults:4 | Killed Bai Suzhen
 38761 | Vaults:5 | Killed Boris
 39276 | Vaults:5 | Received a gift from Okawaru
 39568 | Vaults:5 | Identified the +4 quarterstaff of Desperation {flame, rElec
                  | MP+9 Dex+6}
 39694 | Vaults:5 | Identified the +5 war axe of Doomed Exoneration {drain,
                  | Stlth+}
 39768 | Vaults:5 | Noticed an ancient lich
 39773 | Vaults:5 | Identified the +9 falchion "Biafuil" {pain, rF- Dex+5}
 39774 | Vaults:5 | Killed an ancient lich
 39999 | Vaults:5 | Got a silver rune of Zot
 40170 | Vaults:5 | Found the +3 hat of Pondering {ponderous, Will+ MP+10
                  | Int+5}
 40177 | Vaults:5 | Identified the +1 leather armour of the End {Str+6 Slay+2}
 40206 | Vaults:5 | Identified the staff of Fygah {rElec rPois Str+3 Int+4 Air}
 40207 | Vaults:5 | Identified the staff "Geat" {rElec rCorr Stlth+ Air}
 40275 | Vaults:5 | Received a gift from Okawaru
 40388 | Vaults:5 | Noticed a golden dragon
 40394 | Vaults:5 | Killed a golden dragon
 41445 | Elf:1    | Entered Level 1 of the Elven Halls
 41465 | Elf:1    | Reached XP level 22. HP: 211/220 MP: 24/24
 41483 | Elf:1    | Identified the +0 leather armour "Ixkaikhesh" {Str+3}
 41506 | Elf:1    | Noticed Nikola
 41510 | Elf:1    | Killed Nikola
 41515 | Elf:1    | Noticed Donald
 41524 | Elf:1    | Killed Donald
 41619 | Elf:1    | Noticed Agnes
 41623 | Elf:1    | Killed Agnes
 41634 | Elf:1    | Got the Volume of Momentum
 41635 | Elf:1    | Identified the +4 rapier of Subterfuge {freeze, Int+5}
 41855 | Elf:1    | Received a gift from Okawaru
 41966 | Elf:1    | Identified the +4 ice dragon scales of Leucitag {rF- rC++
                  | rN+ rCorr Int+3}
 42110 | Elf:1    | Paralysed by an air elemental for 1 turns
 42453 | Elf:1    | Identified the +2 cloak of Buwinoij {Rampage Dex+4}
 42563 | Elf:2    | Paralysed by an air elemental for 1 turns
 42565 | Elf:2    | Paralysed by an air elemental for 1 turns
 42722 | Elf:2    | Received a gift from Okawaru
 42797 | Elf:2    | Found a huge runed translucent gate.
 42797 | Elf:2    | Found a huge runed translucent gate.
 42797 | Elf:2    | Found a huge runed translucent gate.
 42797 | Elf:2    | Found a huge runed translucent gate.
 42798 | Elf:2    | Found a huge runed translucent gate.
 43809 | Elf:3    | Entered Level 3 of the Elven Halls
 43818 | Elf:3    | Found an ancient bone altar of Kikubaaqudgha.
 44042 | Elf:3    | Received a gift from Okawaru
 45094 | Elf:3    | Identified the +0 great sword of the Hierophant {speed, rC-
                  | Dex+6}
 45280 | Elf:3    | Got Raozer's Thoughts on Spooky Deeds and the Stinger
 45289 | Elf:3    | Identified the staff "Xavireuq" {rPois Conj}
 45330 | Elf:3    | Found the +5 glaive of the Guard {elec, spectral}
 45330 | Elf:3    | Found the +7 sceptre of Torment {pain, torment}
 45372 | Elf:3    | Identified the +11 plate armour of the Arcane {-Tele Str+5}
 45374 | Elf:3    | Identified the +6 rapier "Araivvuq" {drain, rC+ Str+2}
 45388 | Elf:3    | Identified the ring of Othrauphe {Fly rPois}
 45411 | Elf:3    | Got Sif Muna's Book of Aerial Silt
 45413 | Elf:3    | Identified the staff "Yntifant" {rElec rF+ Fire}
 45414 | Elf:3    | Identified the +4 rapier "Radwaot" {holy, Fragile rElec
                  | rPois SInv}
 45423 | Elf:3    | Identified the staff "Waatrumi" {Drain rC+ Will- Int+9 Fire
                  | Ice}
 45425 | Elf:3    | Identified the +9 flail of Eroll {antimagic, *Corrode rF+
                  | Str+3}
 45905 | Crypt:1  | Entered Level 1 of the Crypt
 45906 | Crypt:1  | Upgraded the game from 0.31-a0-1098-g6898e6545c to
                  | 0.31-a0-1099-g7fa767f3fe
 46068 | Crypt:1  | Received a gift from Okawaru
 46082 | Crypt:1  | Reached XP level 23. HP: 76/229 MP: 25/25
 47173 | Crypt:2  | Noticed Boris
 47179 | Crypt:2  | Killed Boris
 47544 | Crypt:2  | Received a gift from Okawaru
 47578 | Crypt:2  | Identified the +9 trident "Kijolipt" {freeze, rPois rC+
                  | Int+4}
 47833 | Crypt:3  | Entered Level 3 of the Crypt
 48100 | Crypt:3  | Found an ancient bone altar of Kikubaaqudgha.
 48236 | Crypt:3  | Received a gift from Okawaru
 48247 | Crypt:3  | Identified the +4 short sword of Law {spect, Contam Int+2
                  | Stlth+}
 48376 | Crypt:3  | Got the Precepts of Zombies
 48473 | Crypt:3  | Identified the ring "Neaj" {rN+ Will+ Str+3 Stlth+}
 48473 | Crypt:3  | Identified the ring "Wiwaq" {rF+ rN+}
 48476 | Crypt:3  | Identified the +1 chain mail of the Sun {rN+}
 48615 | Crypt:3  | Found a staircase to the Tomb.
 48615 | Crypt:3  | Noticed Khufu
 48627 | Crypt:3  | Found the +3 Elemental Staff {ele, rElec rF+ rC+ AC+3}
 48632 | Crypt:3  | Killed Khufu
 48796 | Crypt:3  | Received a gift from Okawaru
 49276 | Depths:1 | Entered Level 1 of the Depths
 49312 | Depths:1 | Noticed Boris
 49325 | Depths:1 | Killed Boris
 49579 | Depths:1 | Found Lucraej's Vocational Training.
 49654 | Depths:1 | Found Ciuhin's Elemental Accessories.
 49796 | Depths:1 | Received a gift from Okawaru
 49871 | Depths:1 | Found Lusid's Antique Weapon Shop.
 50090 | Depths:1 | Found a gateway to Hell.
 50124 | Depths:1 | Identified the +6 demon trident of the Burning Priest
                  | {pain, Stlth+}
 50386 | Depths:2 | Found a burning altar of Makhleb.
 50493 | Depths:2 | Reached XP level 24. HP: 135/242 MP: 25/25
 50988 | Depths:2 | Received a gift from Okawaru
 51167 | Depths:2 | Found a one-way gate leading to the halls of Pandemonium.
 51200 | Depths:2 | Identified the +3 rapier of Huisk {spect, rElec rC+++ rN+
                  | Dex-2}
 51267 | Depths:2 | Noticed Louise
 51273 | Depths:2 | Killed Louise
 51520 | Depths:3 | Noticed Saint Roka
 51533 | Depths:3 | Killed Saint Roka
 51682 | Depths:3 | HP: 10/243 [acid (11)]
 52100 | Depths:3 | Noticed Norris
 52115 | Depths:3 | Killed Norris
 52684 | Depths:3 | Received a gift from Okawaru
 53203 | Depths:4 | Entered Level 4 of the Depths
 53339 | Depths:4 | Found a gate to the Realm of Zot.
 53348 | Depths:4 | Received a gift from Okawaru
 53727 | Depths:4 | Found a one-way gateway to a ziggurat.
 54058 | Depths:4 | Noticed Vv
 54073 | Depths:4 | Killed Vv
 54464 | Depths:4 | Received a gift from Okawaru
 54466 | Depths:4 | Reached XP level 25. HP: 253/253 MP: 25/25
 54823 | Depths:4 | Found Jeceyxta's Jewellery Boutique.
 55363 | Slime:1  | Entered Level 1 of the Pits of Slime
 55492 | Slime:2  | Gained mutation: Your magical capacity is very low. (-20%
                  | MP) [a shining eye]
 55572 | Slime:3  | Received a gift from Okawaru
 55603 | Slime:5  | Entered Level 5 of the Pits of Slime
 55935 | Slime:5  | Found a viscous altar of Jiyva.
 55942 | Slime:5  | Noticed the Royal Jelly
 55955 | Slime:5  | Killed the Royal Jelly
 55998 | Slime:5  | Got a slimy rune of Zot
 56000 | Slime:5  | Identified the amulet of Lugonu's Castigation {Spirit Will+
                  | MP-9 Stlth+}
 56159 | Slime:5  | Found the brooch of Shielding {Spirit SH+8}
 56171 | Slime:5  | Received a gift from Okawaru
 56208 | Slime:5  | Identified the ring of Voneamme {rPois Will+ rCorr}
 56229 | Slime:5  | Identified the staff "Sah Zuc" {*Slow rF+++ rC+ Ice Earth}
 56246 | Slime:5  | Found the +8 demon blade "Leech" {evervamp, Harm Drain rN+}
 56272 | Slime:5  | Identified the +5 chain mail of the Soldier {rElec}
 56374 | Slime:4  | Gained mutation: You are vulnerable to cold. (rC-) [a
                  | shining eye]
 56474 | Lair:4   | Lost mutation: Your magical capacity is very low. (-20% MP)
                  | [potion of mutation]
 56474 | Lair:4   | Lost mutation: You are vulnerable to cold. (rC-) [potion of
                  | mutation]
 56474 | Lair:4   | Lost mutation: Your flesh is heat resistant. (rF+) [potion
                  | of mutation]
 56474 | Lair:4   | Gained mutation: You have hidden genetic potential. [potion
                  | of mutation]
 56474 | Lair:4   | Gained mutation: Your magical capacity is very low. (-20%
                  | MP) [potion of mutation]
 56863 | Zig:1    | Entered Level 1 of a ziggurat
 56874 | Zig:2    | Entered Level 2 of a ziggurat
 56996 | Zig:3    | Entered Level 3 of a ziggurat
 56999 | Zig:3    | Noticed Zicuss the pandemonium lord
 57004 | Zig:3    | Killed Zicuss the pandemonium lord
 57298 | Zig:4    | Entered Level 4 of a ziggurat
 57319 | Zig:4    | Identified the +7 hand axe of the Pariah {speed, rElec
                  | rPois Dex-4 SInv}
 57327 | Zig:5    | Entered Level 5 of a ziggurat
 57603 | Zig:6    | Entered Level 6 of a ziggurat
 57862 | Zig:7    | Entered Level 7 of a ziggurat
 57869 | Zig:7    | Noticed a shard shrike
 57872 | Zig:7    | Killed a shard shrike
 58158 | Zig:7    | Identified the +1 scale mail of Irai {Harm Drain rElec
                  | Int+6}
 58164 | Zig:8    | Entered Level 8 of a ziggurat
 58175 | Zig:8    | Noticed a dread lich
 58182 | Zig:8    | Lost mutation: Your mind is acute. (Int +4, Str/Dex -1) [a
                  | cacodemon]
 58187 | Zig:8    | Killed a dread lich
 58187 | Zig:8    | Received a gift from Okawaru
 58189 | Zig:8    | Reached skill level 27 in Shields
 58197 | Zig:8    | Identified the staff of the Bruised Brambles {Str+5 Dex-3
                  | Earth}
 58212 | Zig:8    | Identified the +0 pair of gloves "Jyklop" {Fly Int+5}
 58222 | Zig:9    | Entered Level 9 of a ziggurat
 58232 | Zig:9    | Noticed Saoqo the pandemonium lord
 58234 | Zig:9    | Lost mutation: You have hidden genetic potential. [a
                  | cacodemon]
 58247 | Zig:10   | Entered Level 10 of a ziggurat
 58281 | Zig:10   | Noticed an ancient lich
 58282 | Zig:10   | Noticed a dread lich
 58294 | Zig:10   | Killed an ancient lich
 58301 | Zig:10   | Killed a dread lich
 58694 | Zig:10   | Identified the ring of Imumoycw {rPois Int+4}
 58706 | Zig:11   | Entered Level 11 of a ziggurat
 58722 | Zig:11   | Reached XP level 26. HP: 264/264 MP: 20/22
 58727 | Zig:11   | Reached skill level 27 in Fighting
 58729 | Zig:11   | Gained mutation: You sometimes lose your temper in combat.
                  | [a shining eye]
 58738 | Zig:11   | Lost mutation: Your magical capacity is very low. (-20% MP)
                  | [potion of mutation]
 58738 | Zig:11   | Lost mutation: You sometimes lose your temper in combat.
                  | [potion of mutation]
 58738 | Zig:11   | Gained mutation: You are partially covered in iridescent
                  | scales. (AC +2) [potion of mutation]
 58738 | Zig:11   | Gained mutation: You possess an exceptional clarity of
                  | mind. [potion of mutation]
 58758 | Zig:11   | Identified the staff of Enatu {Int-4 Dex+7 Conj}
 58767 | Zig:11   | Got Haizabb's Handbook of the Volcanic Spider
 58770 | Zig:11   | Reached XP level 27. HP: 268/273 MP: 25/25
 58781 | Zig:12   | Entered Level 12 of a ziggurat
 58794 | Zig:12   | Noticed a dread lich
 58795 | Zig:12   | Noticed an ancient lich
 58803 | Zig:12   | Killed a dread lich
 58809 | Zig:12   | Killed an ancient lich
 58814 | Zig:12   | Received a gift from Okawaru
 59111 | Zig:12   | Identified the +8 hand axe of Weuxin {freeze, rF+ rCorr}
 59118 | Zig:12   | Identified the amulet of Moed Uto {Faith Harm Drain Will+++
                  | Str-5}
 59126 | Zig:13   | Entered Level 13 of a ziggurat
 59446 | Zig:13   | Identified the ring of the Failed Coup {Fly SInv}
 59453 | Zig:14   | Entered Level 14 of a ziggurat
 59624 | Zig:14   | Identified the +5 scimitar of Honour {venom, rElec rC++
                  | Int-2}
 59640 | Zig:15   | Entered Level 15 of a ziggurat
 59696 | Zig:15   | Received a gift from Okawaru
 59703 | Zig:15   | Found the +5 Storm Queen's Shield {shock, Fly rElec}
 59728 | Zig:15   | Identified the +11 great mace of Keac {drain, Dex+3}
 59731 | Zig:15   | Identified the ring "Nuese" {Fire Str+6}
 59732 | Zig:15   | Identified the +8 orcbow "Nabel" {freeze, Drain rF+ rCorr}
 59793 | Zot:1    | Entered Level 1 of the Realm of Zot
 59829 | Zot:1    | Reached skill level 27 in Axes
 60283 | Zot:1    | Noticed an orb of fire
 60284 | Zot:1    | Noticed an orb of fire
 60287 | Zot:1    | Noticed an orb of fire
 60287 | Zot:1    | Gained mutation: Armour fits poorly on your strangely
                  | shaped body. [an orb of fire]
 60288 | Zot:1    | Gained mutation: Your body sometimes deteriorates upon
                  | taking damage. [an orb of fire]
 60293 | Zot:1    | Killed an orb of fire
 60295 | Zot:1    | Killed an orb of fire
 60298 | Zot:1    | Gained mutation: Your body often deteriorates upon taking
                  | damage. [an orb of fire]
 60301 | Zot:1    | Killed an orb of fire
 60302 | Zot:1    | Reached skill level 27 in Armour
 60422 | Zot:1    | Received a gift from Okawaru
 60899 | Zot:1    | Lost mutation: You are partially covered in iridescent
                  | scales. (AC +2) [potion of mutation]
 60899 | Zot:1    | Lost mutation: Armour fits poorly on your strangely shaped
                  | body. [potion of mutation]
 60899 | Zot:1    | Lost mutation: Your body often deteriorates upon taking
                  | damage. [potion of mutation]
 60899 | Zot:1    | Gained mutation: You are partially covered in iridescent
                  | scales. (AC +2) [potion of mutation]
 60899 | Zot:1    | Lost mutation: You possess an exceptional clarity of mind.
                  | [potion of mutation]
 60900 | Zot:1    | Lost mutation: Your body sometimes deteriorates upon taking
                  | damage. [potion of mutation]
 60900 | Zot:1    | Lost mutation: You are partially covered in iridescent
                  | scales. (AC +2) [potion of mutation]
 60900 | Zot:1    | Lost mutation: Your magical capacity is low. (-10% MP)
                  | [potion of mutation]
 60900 | Zot:1    | Gained mutation: Your body sometimes deteriorates upon
                  | taking damage. [potion of mutation]
 60901 | Zot:1    | Lost mutation: Your body sometimes deteriorates upon taking
                  | damage. [potion of mutation]
 60901 | Zot:1    | Gained mutation: You have hidden genetic defects. [potion
                  | of mutation]
 60901 | Zot:1    | Gained mutation: You passively map a small area around you.
                  | [potion of mutation]
 60902 | Zot:1    | Lost mutation: You have hidden genetic defects. [potion of
                  | mutation]
 60902 | Zot:1    | Lost mutation: You passively map a small area around you.
                  | [potion of mutation]
 60902 | Zot:1    | Gained mutation: You are robust. (+10% HP) [potion of
                  | mutation]
 60902 | Zot:1    | Gained mutation: You possess an exceptional clarity of
                  | mind. [potion of mutation]
 60902 | Zot:1    | Gained mutation: You are partially covered in iridescent
                  | scales. (AC +2) [potion of mutation]
 61623 | Zot:2    | Noticed Parghit
 61625 | Zot:2    | Received a gift from Okawaru
 61633 | Zot:2    | Killed Parghit
 61995 | Zot:3    | Upgraded the game from 0.31-a0-1099-g7fa767f3fe to
                  | 0.31-a0-1104-g3bd3108e02
 62649 | Zot:3    | Reached skill level 27 in Dodging
 62651 | Zot:3    | Reached skill level 1 in Spellcasting
 62794 | Zot:4    | Received a gift from Okawaru
 63213 | Zot:4    | Reached skill level 5 in Spellcasting
 63348 | Zot:4    | Identified the +5 chain mail of Gestures {Fly MP+9 Slay+2}
 64003 | Zot:5    | Entered Level 5 of the Realm of Zot
 64010 | Zot:5    | Identified the +4 long sword of Leosuf {freeze, rN+ MP-9
                  | Str+4}
 64075 | Zot:5    | Received a gift from Okawaru
 64075 | Zot:5    | Noticed an orb of fire
 64078 | Zot:5    | Noticed a dread lich
 64079 | Zot:5    | Noticed an orb of fire
 64088 | Zot:5    | Noticed an ancient lich
 64089 | Zot:5    | Noticed an orb of fire
 64672 | Zot:5    | Noticed an orb of fire
 64676 | Zot:5    | Gained mutation: Your spells are a little easier to cast,
                  | but a little less powerful. [an orb of fire]
 64681 | Zot:5    | Killed an orb of fire
 64682 | Zot:5    | Reached skill level 10 in Spellcasting
 64686 | Zot:5    | Noticed an ancient lich
 64693 | Zot:5    | Killed an ancient lich
 64703 | Zot:5    | Killed an orb of fire
 64710 | Zot:5    | Gained mutation: You do not regenerate when monsters are
                  | visible. [an orb of fire]
 64720 | Zot:5    | Gained mutation: Your magical capacity is low. (-10% MP)
                  | [an orb of fire]
 64729 | Zot:5    | Killed an orb of fire
 65067 | Zot:5    | Noticed an orb of fire
 65076 | Zot:5    | Killed an orb of fire
 65080 | Zot:5    | Killed a dread lich
 65083 | Zot:5    | Lost mutation: You are robust. (+10% HP) [an orb of fire]
 65087 | Zot:5    | Killed an orb of fire
 65215 | Zot:5    | Killed an ancient lich
 65215 | Zot:5    | Received a gift from Okawaru
 65610 | Zot:5    | Noticed an orb of fire
 65611 | Zot:5    | Noticed an orb of fire
 65615 | Zot:5    | Noticed an orb of fire
 65618 | Zot:5    | Gained mutation: You occasionally shout uncontrollably at
                  | your foes. [an orb of fire]
 65619 | Zot:5    | Noticed an ancient lich
 65620 | Zot:5    | Killed an orb of fire
 65625 | Zot:5    | Killed an orb of fire
 65626 | Zot:5    | Gained mutation: Your flesh is cold resistant. (rC+) [an
                  | orb of fire]
 65628 | Zot:5    | Gained mutation: Your magical capacity is very low. (-20%
                  | MP) [an orb of fire]
 65631 | Zot:5    | Killed an orb of fire
 65631 | Zot:5    | Received a gift from Okawaru
 65635 | Zot:5    | Killed an ancient lich
 66940 | Zot:5    | Lost mutation: Your flesh is cold resistant. (rC+) [potion
                  | of mutation]
 66940 | Zot:5    | Lost mutation: Your magical capacity is very low. (-20% MP)
                  | [potion of mutation]
 66940 | Zot:5    | Gained mutation: You are somewhat resistant to further
                  | mutation. [potion of mutation]
 66941 | Zot:5    | Lost mutation: You occasionally shout uncontrollably at
                  | your foes. [potion of mutation]
 66941 | Zot:5    | Lost mutation: You do not regenerate when monsters are
                  | visible. [potion of mutation]
 66941 | Zot:5    | Lost mutation: Your magical capacity is low. (-10% MP)
                  | [potion of mutation]
 66941 | Zot:5    | Lost mutation: You possess an exceptional clarity of mind.
                  | [potion of mutation]
 66952 | Zot:5    | Learned a level 9 spell: Shatter
 67117 | Depths:4 | Voluntarily entered the Abyss.
 67240 | Abyss:3  | Reached skill level 1 in Earth Magic
 67268 | Abyss:3  | Got an abyssal rune of Zot
 67349 | Abyss:3  | Received a gift from Okawaru
 67355 | Depths:4 | Escaped the Abyss
 67539 | Hell     | Entered the Vestibule of Hell
 67539 | Hell     | Noticed Geryon
 67551 | Hell     | Killed Geryon
 67600 | Hell     | Reached skill level 5 in Earth Magic
 67624 | Hell     | Received a gift from Okawaru
 67919 | Hell     | Reached skill level 15 in Spellcasting
 68090 | Hell     | Found a gateway to the freezing wastes of Cocytus.
 68169 | Hell     | Found a gateway to the decaying netherworld of Tartarus.
 68249 | Hell     | Found a gateway to the ashen valley of Gehenna.
 68482 | Hell     | Found a gateway to the Iron City of Dis.
 68561 | Geh:1    | Entered Level 1 of Gehenna
 69148 | Geh:2    | HP: 9/273 [spore (14)]
 69148 | Geh:2    | Killed from afar by a Brimstone Fiend

Illustrated notes

Levels and vault maps discovered:
D:1:      amcnicky_arrival_wind_blow, layout_basic
D:2:      layout_loops_cross
D:3:      minmay_general_purpose_star, layout_loops_cross,
          dilly_ecumenical_altar_fadedgnrine, grunt_ministairs_14,
          nicolae_concentric_dashed_squares_mild, uniq_jessica
D:4:      layout_loops_corners, gammafunk_ghost_mausoleum
D:5:      layout_layer_cave, serial_shops, nicolae_diamond_shop,
          blue_anna_alchemist, abandoned_shop, corexii_hall_statues_i,
          eino_tiny_chamber
D:6:      layout_cave_pools, nicolae_hepliaklqana_hazy_memory, temple_statues
D:7:      layout_gridville, uniq_crazy_yiuf_cottage
D:8:      layout_loops_ring, serial_shops, shop, chequers_mini_garden,
          dreamdust_princess_corridor
D:9:      layout_layer_cave, nicolae_zig_zag_zippers
D:10:     minmay_the_grid_triangle_9x9_rhombus_thin
          [minmay_the_grid_triangle_9x9_dagger,
          minmay_the_grid_triangle_9x9_prize_top_heavy,
          minmay_the_grid_triangle_9x9_pentomino_pain,
          minmay_the_grid_triangle_9x9_windchime], layout_irregular_city,
          lemuel_crystal_altar, serial_shops, shop,
          minmay_misc_feat_four_crosses
D:11:     layout_loops_ring, due_lair_maze_entry_diamond, serial_shops,
          nicolae_shop_peninsula, serial_demonic, serial_demonic_d,
          serial_demonic_g, serial_demonic_a, serial_demonic_c,
          serial_demonic_a, serial_demonic_a
D:12:     layout_rooms, erik_orc_3
D:13:     layout_long_grid, portal_ice_cave_demonic_guard, uniq_nessos,
          uniq_erolcha, uniq_sonja
D:14:     layout_stronghold, hellmonk_vaults_attempted_burglary, enter_trove_3
D:15:     grunt_enter_depths_giant_problem, layout_loops_corners, serial_shops,
          bzr_entry_islet
Temple:   nicolae_temple_slightly_damp_pantheon
Lair:1:   layout_cellular_growth, dreamdust_mushroom_princess,
          infiniplex_staircase_pool, grunt_megastairs_5
Lair:2:   wad_woods_minihive, layout_chaotic_city, ebering_ghost_disaster_area,
          beast_lair_carwin_7, uniq_nergalle, uniq_fannar
Lair:3:   layout_cave_shapes, nicolae_shoals_entry_roost,
          nicolae_spider_entry_non_spiders
Lair:4:   layout_cave_pods, minmay_slime_entry_jelly_boxes, beast_lair_carwin_2,
          grunt_megastairs_2
Lair:5:   due_jungle_book, layout_cave_shapes, gauntlet_entry_generic,
          gammafunk_ghost_abyssal_escape, kennysheep_abandoned_house, uniq_kirke
Shoals:1: layout_shoals, st_cyclops
Shoals:2: argonaut_golden_fleece, layout_shoals
Shoals:3: layout_shoals, serial_shops, nicolae_shop_just_a_little_nook
Shoals:4: shoals_end_hellmonk_lost_city
Spider:1: layout_spider_delve
Spider:2: layout_spider_delve, uniq_arachne
Spider:3: layout_spider_delve, nicolae_spider_webbed_stairs
Spider:4: hellmonk_spider_rune_endless_swarm, drop_trap,
          beargit_elvish_explorers
Slime:1:  layout_caves
Slime:2:  layout_caves
Slime:3:  layout_caves
Slime:4:  layout_caves
Slime:5:  slime_pit_nicolae_trefoil
Orc:1:    layout_caves, basic_altar, minmay_shop_mass, nicolae_orc_tapped_out,
          uniq_snorg, uniq_harold
Orc:2:    grunt_orc_tribal_feast, layout_diamond_mine, uniq_josephine
Elf:1:    eino_elf_arrival_customs, layout_geoelf_grid, minmay_elf_annihilation,
          laboratory, uniq_nikola, uniq_donald, uniq_agnes
Elf:2:    elven_hall_of_blades_hangedman_alternative [nicolae_blade_lattice],
          layout_rooms, serial_aquarium, aquarium_bridge_square
          [aquarium_subvault_bridge, aquarium_subvault_window,
          aquarium_subvault_balcony, aquarium_subvault_wall],
          aquarium_window_corner, aquarium_window_fake, aquarium_window_corner,
          aquarium_window_2, aquarium_view_2c, aquarium_pool_2
Elf:3:    elf_hall, layout_geoelf_castle, basic_altar
Vaults:1: mu_enter_wizlab_3, vaults_room_corners, grunt_vaults_hallway_long,
          ontoclasm_vaults_spin, v_misc_18, nicolae_vaults_storage_closets_2,
          nicolae_vaults_weapon_check, layout_vaults_omnigrid, serial_shops,
          nicolae_shop_hallway_plus
Vaults:2: nicolae_vaults_oval_intersection, v_misc_9,
          nicolae_vaults_tetromino_Z_1, minmay_crypt_entry_vampire_xt,
          ontoclasm_vaults_claustrophobia, v_misc_18,
          nicolae_vaults_offset_grid_hallway_1, v_rooms_6,
          ontoclasm_vaults_ring_square, nicolae_vaults_wrenched, v_misc_27,
          nicolae_vaults_what_the_h, nicolae_vaults_double_plus_1,
          nicolae_vaults_cochlea, layout_vaults_maze_snakey, serial_shops,
          nicolae_shop_back_alley_shop
Vaults:3: vaults_room_corners, v_misc_28, nicolae_vaults_rhombus_5,
          nicolae_vaults_heist, v_pattern_3,
          nicolae_vaults_trapezoid_lopsided_2, nicolae_vaults_tetromino_T_1,
          nicolae_vaults_quartermaster, layout_vaults_big_room, uniq_boris,
          uniq_jory
Vaults:4: grunt_vaults_diagonal, gammafunk_sealed_arena, hangedman_vaults_trim,
          hangedman_vaults_nodes, hangedman_vaults_variations,
          nicolae_vaults_ninety_degrees, ontoclasm_vaults_chip,
          nicolae_vaults_little_squares_3, v_rooms_1, vaults_dpeg_spiral,
          nicolae_vaults_rhombus_5, nicolae_vaults_trapezoid_2,
          nicolae_vaults_two_Ls, vaults_room_semicircle, vaults_room_pool,
          layout_vaults_ring
Vaults:5: uniq_bai_suzhen
Crypt:1:  layout_regular_city
Crypt:2:  layout_chaotic_city
Crypt:3:  grunt_crypt_end_deaths_head
Depths:1: layout_cave_shapes, abyss_entry, nicolae_figureground_pulse,
          serial_shops, shop, hellmouth_2, minmay_misc_feat_roman,
          nicolae_concentric_dashed_squares_wild, nicolae_elemental_shop,
          nicolae_shop_vocational, serial_bayou_shore_b
Depths:2: minmay_two_paths, layout_gridlike,
          nicolae_abyss_entry_one_way_or_another, old_standard_altar,
          hell_entry, rand_demon_pan_entry_3, grunt_megastairs_3
Depths:3: minmay_triangles_in_corner, layout_gridlike, hell_entry, abyss_entry,
          kennysheep_small_spiral, kennysheep_generic_room_16, uniq_norris,
          uniq_saint_roka
Depths:4: evilmike_zot_entry_argh, layout_basic, enter_ziggurat_a,
          hangedman_abyss_entry_splay, hangedman_geh_valley, serial_shops, shop,
          uniq_vv
Hell
Geh:1:    layout_gehenna_pools_box
Geh:2:    nicolae_geh_realm_of_the_lava_sea
Zot:1:    layout_misc_corridors, grunt_ministairs_10, regret_index_zotdec_zees,
          st_stairs_13, lemuel_lake_of_fire
Zot:2:    layout_basic, uniq_parghit
Zot:3:    layout_misc_corridors, regret_index_zotdec_glowing_original,
          grunt_ministairs_9, uniq_josephina
Zot:4:    layout_concentric_octagons, regret_index_zotdec_banners
Zot:5:    layout_misc_corridors

Skill      XL: |  1  2  3  4  5  6  7  8  9 10 11 12 13 14 15 16 17 18 19 20 21 22 23 24 25 26 27 |
---------------+----------------------------------------------------------------------------------+-----
Dodging        | 1 2 3 4 5 6 8 9 10 12 13 14 15 16 17 18 19 20 21 22 23 27 | 27.0
Shields        | 4 5 6 7 8 9 11 12 13 14 15 17 19 20 22 23 24 25 26 27 | 27.0
Fighting       | 4 5 6 7 8 9 11 12 13 14 16 18 19 21 22 23 24 25 26 27 | 27.0
Armour         | 4 5 6 7 8 9 11 12 13 14 16 17 18 19 20 21 22 23 24 25 27 | 27.0
Axes           | 3 4 5 6 8 9 10 12 13 14 15 16 17 18 19 20 21 22 23 24 25 27 | 27.0
Invocations    | 8 |  8.0
Spellcasting   | 15 | 15.2
Earth Magic    | 7 |  7.2

Action                     |  1- 3 |  4- 6 |  7- 9 | 10-12 | 13-15 | 16-18 | 19-21 | 22-24 | 25-27 || total
---------------------------+-------+-------+-------+-------+-------+-------+-------+-------+-------++-------
  Melee: War axe           |    50 |   120 |   223 |   369 |    24 |       |       |       |       ||   786
         Headbutt          |     4 |    10 |    23 |    82 |   151 |   204 |   214 |   257 |   386 ||  1331
         Broad axe         |       |       |       |    26 |   710 |  1000 |   765 |  1065 |  1274 ||  4840
         Unarmed           |       |       |       |       |     7 |       |       |       |       ||     7
 Invoke: Heroism           |       |       |       |     2 |     7 |    14 |     6 |    12 |    21 ||    62
         Receive Armour    |       |       |       |     1 |       |       |       |       |       ||     1
  Evoke: Wand              |       |       |       |     4 |     7 |     3 |     1 |       |     1 ||    16
    Use: Scroll            |     4 |     9 |     6 |     3 |    14 |    18 |     3 |    10 |    15 ||    82
         Potion            |     1 |     1 |       |     4 |     1 |     8 |     1 |     9 |    51 ||    76
   Stab: Paralysed         |       |       |       |     4 |     1 |       |       |       |       ||     5
         Held in net/web   |       |       |       |       |       |     1 |       |       |       ||     1
         Invisible         |       |       |       |       |       |     8 |     7 |       |    38 ||    53
 Armour: Scale mail        |    38 |    29 |       |       |       |       |       |       |       ||    67
         Chain mail        |       |    61 |   228 |   374 |   656 |   913 |   515 |   605 |   973 ||  4325
         Plate armour      |       |       |       |     2 |     5 |       |       |       |       ||     7
         Ice dragon scales |       |       |       |       |    45 |       |       |       |       ||    45
         Skin              |       |       |       |       |     4 |       |       |       |       ||     4
  Dodge: Dodged            |    25 |    45 |   116 |   214 |   552 |   675 |   367 |   518 |   901 ||  3413
  Block: Buckler           |    11 |    18 |    58 |   130 |   396 |   506 |       |       |       ||  1119
         Kite shield       |       |       |       |       |       |   492 |   674 |  1021 |  1601 ||  3788
         Reflection        |       |       |       |       |       |   102 |       |       |       ||   102

Table legend: (Time is in decaauts)
 A = Elapsed time spent in this place.
 B = Non-inter-level travel time spent in this place.
 C = Inter-level travel time spent in this place.
 D = Time resting spent in this place.
 E = Time spent auto-exploring this place.
 F = Levels seen in this place.
 G = Mean time per level.
                   A        B        C        D        E       F      G
               +--------+--------+--------+--------+--------+-----+--------+
         Total |  69763 |  65119 |   4644 |   5341 |  45493 |  81 |  861.3 |
       Dungeon |  14323 |  12752 |   1571 |     31 |  10074 |  15 |  954.9 |
        Temple |     28 |      1 |     27 |      0 |      0 |   1 |   28.0 |
          Lair |   6062 |   5429 |    633 |     85 |   4123 |   5 | 1212.4 |
        Shoals |   5814 |   5611 |    203 |    531 |   4106 |   4 | 1453.5 |
   Spider Nest |   4487 |   4191 |    296 |    344 |   2643 |   4 | 1121.8 |
    Slime Pits |   1100 |   1041 |     59 |    158 |    365 |   5 |  220.0 |
  Orcish Mines |   1565 |   1254 |    311 |     41 |    858 |   2 |  782.5 |
   Elven Halls |   4184 |   3912 |    272 |      0 |   3158 |   3 | 1394.7 |
        Vaults |   9047 |   8411 |    636 |    882 |   5583 |   5 | 1809.4 |
         Crypt |   3203 |   3084 |    119 |    282 |   2122 |   3 | 1067.7 |
        Depths |   6507 |   6215 |    292 |    176 |   5060 |   4 | 1626.8 |
          Hell |   1126 |   1086 |     40 |      0 |    878 |   1 | 1126.0 |
       Gehenna |    214 |    212 |      2 |    108 |      4 |   2 |  107.0 |
           Zot |   7328 |   7152 |    176 |   1605 |   4329 |   5 | 1465.6 |
         Abyss |    221 |    221 |      0 |      0 |     94 |   3 |   73.7 |
      Ziggurat |   2828 |   2828 |      0 |   1092 |   1043 |  15 |  188.5 |
        Bazaar |     42 |     42 |      0 |      0 |     10 |   1 |   42.0 |
      Ice Cave |    847 |    847 |      0 |      4 |    611 |   1 |  847.0 |
        Wizlab |    520 |    520 |      0 |      0 |    258 |   1 |  520.0 |
      Gauntlet |    308 |    308 |      0 |      0 |    171 |   1 |  308.0 |
               +--------+--------+--------+--------+--------+-----+--------+

Top non-repeatable levels by time:
Depths:4: 2493 daAuts
Shoals:3: 2306 daAuts
Vaults:5: 2217 daAuts
   Zot:5: 2084 daAuts
Vaults:4: 1983 daAuts
   Zot:4: 1953 daAuts
Vaults:2: 1812 daAuts
Depths:3: 1751 daAuts
Vaults:1: 1747 daAuts
  Lair:5: 1682 daAuts
   Elf:2: 1565 daAuts
   Zot:1: 1551 daAuts
Spider:4: 1531 daAuts
Shoals:2: 1448 daAuts
   Elf:3: 1440 daAuts
